 Dungeon Crawl Stone Soup version 0.20-a0-927-g1ae2c61 (webtiles) character file.

117844 dvd the Ogre Mage (level 16, -5/156 HPs)
             Began as an Ogre Fire Elementalist on Mar 26, 2017.
             Was a High Priest of Vehumet.
             Slain by a wolf spider (22 damage)
             ... on level 3 of the Spider Nest on Mar 29, 2017.
             The game lasted 02:52:02 (37325 turns).

dvd the Ogre Mage (Ogre Fire Elementalist)         Turns: 37325, Time: 02:52:04

Health: -5/156     AC: -4    Str: 16    XL:     16   Next: 75%
Magic:  0/41       EV: 12    Int: 22    God:    Vehumet [*****.]
Gold:   2105       SH:  0    Dex: 10    Spells: 5/48 levels left

rFire    + . .     SeeInvis +   a - +5 whip (distort)
rCold    + + .     Gourm    .   (no shield)
rNeg     . . .     Faith    .   R - +4 moon troll leather armour {Spirit, Regen++ MP+5}
rPois    +         Spirit   +   (helmet restricted)
rElec    .         Reflect  .   l - +2 cloak
rCorr    .         Harm     .   (gloves unavailable)
MR       ++...                  (boots unavailable)
Stlth    +.........             (no amulet)
Regen    1.2/turn               i - ring "Ofiatis" {*Slow rC++ MR+ Int+2 SInv}
MPRegen  0.3/turn               o - ring of poison resistance

@: confused, corroded, deflect missiles
A: unfitting armour, hooves 1, thin metallic scales 1, fire resistance 1,
screaming 1, tough skin 1
a: Renounce Religion


You were on level 3 of the Spider Nest.
You worshipped Vehumet.
Vehumet was extremely pleased with you.
You were hungry.

You visited 5 branches of the dungeon, and saw 27 of its levels.
You also visited: Labyrinth and Volcano.

You collected 2704 gold pieces.
You spent 599 gold pieces at shops.

Inventory:

Hand Weapons
 a - a +5 whip of distortion (weapon)
 p - the +8 quarterstaff "Zaimor" {flame, rN++ Str-4 Int+2 SInv}
   (You took it off a minotaur in a labyrinth)

   It has been specially enchanted to burn those struck by it, causing extra
   injury to most foes and up to half again as much damage against particularly
   susceptible opponents.
   It affects your strength (-4).
   It affects your intelligence (+2).
   It greatly protects you from negative energy.
   It lets you see invisible.
Missiles
 q - 20 javelins (quivered)
Armour
 l - a +2 cloak (worn)
 R - the +4 moon troll leather armour (worn) {Spirit, Regen++ MP+5}
   (You bought it in a shop on level 12 of the Dungeon)

   It affects your magic capacity (+5).
   It increases your rate of regeneration.
 S - a scarf of resistance
 U - the +0 cloak of Reason {MR+ Regen+ MP-9 Str+5}
   (You acquired it on level 6 of the Lair of Beasts)

   It affects your strength (+5).
   It affects your resistance to hostile enchantments.
   It affects your magic capacity (-9).
   It increases your rate of regeneration.
Jewellery
 b - an uncursed ring of protection from fire
 i - the ring "Ofiatis" (left hand) {*Slow rC++ MR+ Int+2 SInv}
   (You took it off a minotaur in a labyrinth)

   [ring of see invisible]

   It affects your intelligence (+2).
   It greatly protects you from cold.
   It affects your resistance to hostile enchantments.
   It lets you see invisible.
   It may slow you when you take damage.
 m - an uncursed ring of protection from cold
 o - a ring of poison resistance (right hand)
 s - an uncursed ring of wizardry
Wands
 e - a wand of acid (5/15)
 f - a wand of iceblast (12/15)
 r - a wand of iceblast (3/15)
 y - a wand of lightning (7/15)
 C - a wand of lightning (8/15)
 F - a wand of clouds (6/9)
 G - a wand of acid (10/15)
 H - a wand of scattershot (6/9)
 I - a wand of paralysis (21/24)
 J - a wand of flame (27/48)
 O - a wand of lightning (8/15)
 Y - a wand of digging (10/24)
Scrolls
 h - a scroll of teleportation
 j - 2 scrolls of fog
 n - 9 scrolls of remove curse
 w - 12 scrolls of identify
 A - 2 scrolls of recharging
 M - a scroll of fear
 Q - 6 scrolls of amnesia
 V - 3 scrolls of enchant armour
 W - a scroll of silence
Potions
 d - 2 potions of invisibility
 g - 8 potions of flight
 k - 2 potions of heal wounds
 u - 2 potions of might
 z - 3 potions of resistance
 E - a potion of ambrosia
 L - a potion of brilliance
 T - a potion of berserk rage
 X - a potion of haste
 Z - 4 potions of mutation
Comestibles
 c - 16 bread rations
 x - 7 meat rations
 B - 12 fruits


   Skills:
 + Level 9.4 Fighting
 + Level 7.9 Maces & Flails
 + Level 0.4 Throwing
 + Level 5.4 Armour
 + Level 7.7 Dodging
 + Level 5.0 Stealth
 + Level 16.5 Spellcasting
 + Level 11.9 Conjurations
 * Level 2.8 Charms
 + Level 1.1 Translocations
 + Level 11.6 Fire Magic
 * Level 6.5 Air Magic
 + Level 0.5 Earth Magic
 + Level 0.1 Evocations


You had 5 spell levels left.
You knew the following spells:

 Your Spells              Type           Power        Failure   Level  Hunger
a - Flame Tongue          Conj/Fire      #####        1%          1    None
b - Throw Flame           Conj/Fire      ######       1%          2    None
c - Lightning Bolt        Conj/Air       ######....   1%          5    ##.....
d - Sticky Flame          Conj/Fire      ######..     1%          4    None
e - Fireball              Conj/Fire      ######....   1%          5    ##.....
f - Shock                 Conj/Air       ####         1%          1    None
g - Deflect Missiles      Chrm/Air       #####.....   86%         6    ####...
h - Force Lance           Conj/Tloc      #####...     1%          4    None
i - Airstrike             Air            #####.....   1%          4    None
j - Iskenderun's Battles  Conj/Chrm      ######..     1%          5    ##.....
k - Iron Shot             Conj/Erth      #####.....   16%         6    ####...


Dungeon Overview and Level Annotations

Branches:
Dungeon (15/15)            Temple (1/1) D:4            Lair (6/6) D:10
 Shoals (0/4) Lair:3       Spider (3/4) Lair:3        Slime (0/5) Lair:5
    Orc (2/2) D:9             Elf (0/3) Orc:2        Vaults (0/5) D:13
 Depths (0/5) D:15

Altars:
Ashenzari
Cheibriados
Dithmenos
Elyvilon
Fedhas
Gozag
Hepliaklqana
Kikubaaqudgha
Makhleb
Nemelex Xobeh
Okawaru
Qazlal
Ru
Sif Muna
Trog
Uskayaw
Vehumet
Wu Jian
Xom
Yredelemnul
Zin
The Shining One
Beogh

Shops:
D:7 !   D:9 (   D:12 [   D:15 }:   Orc:1 }   Orc:2 ?(%%(

Annotations:
Abyss:1 Nessos, Urug


Innate Abilities, Weirdness & Mutations

You are too large for most types of armour.
You have tough skin. (AC +1)
You have large cloven feet.
You are partially covered in thin metallic scales. (AC +2)
Your flesh is heat resistant. (rF+)
You occasionally shout uncontrollably at your foes.


Message History

The entropic weave corrodes you!
The entropy weaver pulls away from the web.
The tarantella bites you!
* * * LOW HITPOINT WARNING * * *
You are confused.
You're too confused!
Unknown command.
You feel much better. The wolf spider closely misses you.
The wolf spider bites you.
* * * LOW HITPOINT WARNING * * *
The wolf spider barely misses you. The wolf spider bites you!
* * * LOW HITPOINT WARNING * * *
The tarantella barely misses you. The redback misses you.
The tarantella barely misses you.
The entropy weaver gestures wildly while chanting.
The entropic weave corrodes you! The wolf spider closely misses you.
The wolf spider bites you!
* * * LOW HITPOINT WARNING * * *
The wolf spider hits you!!
You die...

%............>..
......$............
....................
................^...
.........^.^........
.........s>.........
......^.^........^..
...^.......sss......
...........s@s..^...
...........sssa.....
..........^.^..ss...
.............†a.....
....†...............
..................s.
............^.......
..^.......^.........
................


You could see 2 entropy weavers, 2 wolf spiders, 2 orb spiders, 3 tarantellas
and 5 redbacks.

Vanquished Creatures
  Roxanne (D:15)
  A fire giant (D:15)
  An emperor scorpion (Lair:3)
  An entropy weaver (Lair:3)
  A spark wasp (Spider:2)
  A minotaur (Lab)
  Josephine (Lair:4)
  Harold (Lair:2)
  2 hydras
  9 centaur warriors
  2 two-headed ogres (D:13)
  A catoblepas (Lair:6)
  A dancing weapon (Volcano)
  A merfolk avatar (Lair:6)
  5 orc high priests
  Sonja (Lair:4)
  3 skeletal warriors
  2 sea snakes (Lair:6)
  An unseen horror (D:12)
  4 wizards (Volcano)
  Pikel (D:4)
  4 deep elf magi
  2 orc knights
  9 orb spiders
  2 orc sorcerers
  4 ugly things (D:14)
  9 wolf spiders
  The ghost of Malvoorn the Cutter, a novice VSAr of Elyvilon (D:6)
  2 manticores
  3 cyclopes
  16 elephants
  An elephant (shapeshifter) (D:13)
  2 toenail golems (Volcano)
  3 torpor snails
  3 black mambas
  A black mamba (shapeshifter) (D:13)
  10 spiny frogs
  Psyche (D:8)
  A vault sentinel (D:13)
  2 gargoyles (D:14)
  An efreet (D:14)
  A kobold demonologist (D:14)
  6 rime drakes
  A rime drake (shapeshifter) (D:14)
  10 komodo dragons
  A freezing wraith (D:13)
  4 demonic crawlers
  15 jumping spiders
  A tengu conjurer (D:15)
  A hornet (shapeshifter) (D:14)
  4 polar bears
  A wind drake (Lair:6)
  11 trolls
  The ghost of Malvoorn the Chopper, an amateur DsAK of Lugonu (D:3)
  9 hornets
  5 slime creatures
  4 blink frogs
  7 hippogriffs
  14 tarantellas
  52 redbacks
  A fire elemental (Lair:5)
  3 wraiths
  Sigmund (D:2)
  A vampire (D:13)
  4 wyverns
  33 yaks
  3 basilisks
  6 fire bats
  A hungry ghost (D:14)
  10 vampire mosquitoes
  Edmund (D:6)
  4 wargs
  An acid dragon (D:14)
  18 water moccasins
  7 porcupines
  A sky beast (D:9)
  4 black bears
  6 phantoms
  A necrophage (D:9)
  29 orc warriors
  An eye of draining (D:15)
  3 ice beasts
  14 ogres
  31 wolves
  29 centaurs
  5 big kobolds
  6 crocodiles
  10 bullfrogs
  A wyvern zombie (D:12)
  3 scorpions
  14 killer bees
  7 wights (D:9)
  4 electric eels
  4 howler monkeys
  7 crimson imps
  4 bullfrog zombies
  32 orc priests
  4 bullfrog skeletons
  11 hounds
  9 jellies
  33 orc wizards
  4 centaur skeletons
  3 iguanas
  Ijyb (D:5)
  6 worker ants
  A hound skeleton (D:4)
  12 adders
  9 gnolls
  A howler monkey skeleton (D:11)
  A shadow imp (D:14)
  3 oozes
  2 adder zombies
  An adder skeleton (D:7)
  4 worms
  4 dart slugs
  6 leopard geckos
  83 orcs
  7 bats
  9 giant cockroaches
  9 goblins
  9 hobgoblins
  14 jackals
  3 quokkas
  2 ball pythons (D:3)
  5 frilled lizards
  2 jackal skeletons
  A jackal zombie (D:6)
  34 kobolds
  5 rats
  A butterfly (Lair:6)
875 creatures vanquished.

Vanquished Creatures (others)
  2 centaur warriors
  A wizard (Volcano)
  2 wolf spiders
  An ugly thing (D:14)
  2 toenail golems (Volcano)
  A molten gargoyle (Lair:5)
  A black mamba (Lair:5)
  2 elephants (Lair:5)
  A torpor snail (Spider:2)
  2 komodo dragons
  A jumping spider (Spider:1)
  A wind drake (Lair:6)
  3 redbacks
  A basilisk (Lair:5)
  A wraith (Lair:4)
  A water moccasin (Lair:2)
  A sky beast (D:9)
  A phantom (D:9)
  An eye of draining (D:15)
  5 wolves
  A crocodile (Lair:5)
  A wight (D:9)
  A howler monkey (D:9)
  2 crimson imps
  A bullfrog skeleton (D:12)
  2 orc wizards (D:14)
  5 orcs
  A giant cockroach (D:5)
  A jackal (D:10)
  11 fungi
  23 plants
80 creatures vanquished.

Grand Total: 955 creatures vanquished

Notes
Turn   | Place    | Note
-------+----------+-------------------------------------------
     0 | D:1      | dvd the Ogre Fire Elementalist began the quest for the Orb.
     0 | D:1      | Reached XP level 1. HP: 16/16 MP: 3/3
    97 | D:1      | Reached skill level 1 in Conjurations
   182 | D:1      | Reached XP level 2. HP: 1/24 MP: 0/5
   524 | D:1      | Learned a level 2 spell: Throw Flame
   586 | D:1      | Reached skill level 3 in Spellcasting
   631 | D:1      | Reached XP level 3. HP: 27/31 MP: 1/7
  1507 | D:2      | Noticed Sigmund
  1514 | D:2      | Found a shattered altar of Ashenzari.
  1782 | D:2      | Reached XP level 4. HP: 28/39 MP: 1/9
  2006 | D:1      | Reached skill level 4 in Spellcasting
  2563 | D:2      | Reached XP level 5. HP: 45/45 MP: 5/11
  2757 | D:2      | Learned a level 3 spell: Conjure Flame
  2952 | D:2      | Found a glowing silver altar of Zin.
  3361 | D:3      | Noticed Malvoorn's ghost (amateur DsAK)
  3370 | D:3      | Killed Malvoorn's ghost
  3370 | D:3      | Reached skill level 5 in Spellcasting
  3370 | D:3      | Reached XP level 6. HP: 37/54 MP: 2/13
  3611 | D:3      | Reached skill level 1 in Fighting
  3766 | D:3      | Found an opulent altar of Gozag.
  3858 | D:3      | Learned a level 4 spell: Sticky Flame
  3917 | D:3      | Reached skill level 1 in Maces & Flails
  4194 | D:3      | Reached XP level 7. HP: 50/62 MP: 11/15
  4558 | D:2      | Killed Sigmund
  4766 | D:4      | Found an iron altar of Okawaru.
  4878 | D:4      | Found an ancient bone altar of Kikubaaqudgha.
  4984 | D:4      | Reached XP level 8. HP: 72/72 MP: 6/16
  5066 | D:4      | Found a bloodstained altar of Trog.
  5079 | D:4      | Noticed a hand axe
  5080 | D:4      | Noticed a dagger
  5083 | D:4      | Found a hide-covered altar of Uskayaw.
  5223 | D:4      | Found a staircase to the Ecumenical Temple.
  5232 | Temple   | Entered the Ecumenical Temple
  5284 | Temple   | Became a worshipper of Vehumet
  5425 | D:4      | Reached skill level 6 in Spellcasting
  5463 | D:4      | Found a bloodstained altar of Trog.
  5840 | D:5      | Entered Level 5 of the Dungeon
  6077 | D:5      | Reached skill level 5 in Fire Magic
  6183 | D:5      | Found a hazy altar of Hepliaklqana.
  6185 | D:5      | Noticed Pikel
  6277 | D:4      | Killed Pikel
  6277 | D:4      | Reached skill level 7 in Spellcasting
  6277 | D:4      | Reached XP level 9. HP: 34/83 MP: 0/19
  6774 | D:5      | Learned a level 5 spell: Fireball
  6823 | D:5      | Found a snail-covered altar of Cheibriados.
  6824 | D:5      | Noticed Ijyb
  6829 | D:5      | Killed Ijyb
  7019 | D:5      | Found a white marble altar of Elyvilon.
  7020 | D:5      | Found a shimmering altar of Xom.
  7287 | D:5      | Upgraded the game from 0.20-a0-923-g548304e to 0.20-a0-924-gfa95efa
  7340 | D:6      | Noticed Malvoorn's ghost (novice VSAr)
  7363 | D:6      | Killed Malvoorn's ghost
  7474 | D:6      | Reached skill level 5 in Conjurations
  7479 | D:6      | Reached * piety under Vehumet
  7479 | D:6      | Offered knowledge of Shock by Vehumet.
  7488 | D:6      | Learned a level 1 spell: Shock
  7563 | D:6      | Found a burning altar of Makhleb.
  7598 | D:6      | Noticed Edmund
  7608 | D:6      | Killed Edmund
  7608 | D:6      | Reached skill level 8 in Spellcasting
  8329 | D:7      | Reached XP level 10. HP: 92/92 MP: 13/22
  8789 | D:7      | Gained mutation: Your magical capacity is low. (-10% MP) [potion of mutation]
  8789 | D:7      | Gained mutation: Your spells are a little harder to cast, but a little more powerful. [potion of mutation]
  8789 | D:7      | Gained mutation: Armour fits poorly on your strangely shaped body. [potion of mutation]
  8789 | D:7      | Gained mutation: You have large cloven feet. [potion of mutation]
  8853 | D:7      | Found a shadowy altar of Dithmenos.
  8992 | D:7      | Found Nithri Fail's Distillery.
  9406 | D:8      | Noticed Psyche
  9591 | D:8      | Lost mutation: Your magical capacity is low. (-10% MP) [potion of mutation]
  9591 | D:8      | Lost mutation: Your spells are a little harder to cast, but a little more powerful. [potion of mutation]
  9591 | D:8      | Lost mutation: Armour fits poorly on your strangely shaped body. [potion of mutation]
  9591 | D:8      | Gained mutation: You occasionally shout uncontrollably at your foes. [potion of mutation]
  9591 | D:8      | Gained mutation: Your flesh is heat resistant. (rF+) [potion of mutation]
  9591 | D:8      | Gained mutation: You are partially covered in thin metallic scales. (AC +2) [potion of mutation]
  9734 | D:8      | Offered knowledge of Searing Ray by Vehumet.
  9737 | D:8      | Reached ** piety under Vehumet
  9919 | D:8      | Paralysed by a hornet for 3 turns
 10114 | D:8      | Reached skill level 9 in Spellcasting
 10871 | D:8      | Killed Psyche
 10898 | D:8      | Found a blossoming altar of Fedhas.
 11077 | D:9      | Found a staircase to the Orcish Mines.
 11659 | D:9      | Offered knowledge of Stone Arrow by Vehumet.
 11667 | D:9      | Learned a level 3 spell: Stone Arrow
 11845 | D:9      | Found Koemmisk's Antique Weapon Shop.
 12189 | D:9      | Reached XP level 11. HP: 101/101 MP: 17/24
 12462 | D:9      | Reached *** piety under Vehumet
 12462 | D:9      | Reached skill level 1 in Armour
 12590 | D:10     | Entered Level 10 of the Dungeon
 12642 | D:10     | Reached skill level 10 in Spellcasting
 12852 | D:10     | Found a staircase to the Lair.
 13370 | D:10     | Reached skill level 5 in Fighting
 13372 | D:10     | Offered knowledge of Force Lance by Vehumet.
 13379 | D:10     | Learned a level 4 spell: Force Lance
 13775 | D:11     | Found a hazy altar of Hepliaklqana.
 13934 | D:12     | Noticed an unseen horror
 13947 | D:12     | Killed an unseen horror
 13947 | D:12     | Reached skill level 1 in Air Magic
 14158 | D:12     | Found Lalugg's Armour Shop.
 14169 | D:12     | Reached skill level 5 in Dodging
 14180 | D:12     | Bought the +4 moon troll leather armour {Spirit, Regen++ MP+5} for 599 gold pieces
 14891 | D:12     | Noticed a deep elf mage
 14897 | D:12     | Killed a deep elf mage
 15038 | D:12     | Noticed a cyclops
 15047 | D:12     | Killed a cyclops
 15132 | D:12     | Noticed a cyclops
 15137 | D:12     | Reached **** piety under Vehumet
 15145 | D:12     | Killed a cyclops
 15192 | Lair:1   | Entered Level 1 of the Lair of Beasts
 15239 | Lair:1   | Reached skill level 5 in Maces & Flails
 15450 | Lair:1   | Reached XP level 12. HP: 69/113 MP: 5/26
 15733 | Lair:1   | Reached skill level 11 in Spellcasting
 15735 | Lair:1   | Offered knowledge of Lightning Bolt by Vehumet.
 16127 | Lair:2   | Learned a level 5 spell: Lightning Bolt
 16298 | Lair:2   | Noticed a five-headed hydra
 16312 | Lair:2   | Killed a five-headed hydra
 16881 | Lair:2   | Noticed Harold
 16891 | Lair:2   | Killed Harold
 17354 | Lair:3   | Found a dark tunnel.
 17381 | Volcano  | Entered a volcano
 17762 | Volcano  | Reached skill level 12 in Spellcasting
 17762 | Volcano  | Reached XP level 13. HP: 115/123 MP: 15/29
 17978 | Volcano  | Paralysed by a wizard for 3 turns
 18562 | Lair:3   | Found a staircase to the Shoals.
 18762 | Lair:3   | Reached ***** piety under Vehumet
 18762 | Lair:3   | Offered knowledge of Airstrike by Vehumet.
 18768 | Lair:3   | Learned a level 4 spell: Airstrike
 18768 | Lair:3   | Found a hole to the Spider Nest.
 19102 | Lair:4   | Noticed Sonja
 19104 | Lair:4   | Killed Sonja
 19358 | Lair:4   | Noticed Josephine
 19378 | Lair:4   | Killed Josephine
 19803 | Lair:4   | Noticed Nessos
 20058 | Lair:4   | Noticed Urug
 20067 | Lair:4   | Banished Urug
 20388 | Lair:4   | Banished Nessos
 20769 | Lair:5   | Found a labyrinth entrance.
 20779 | Lab      | Entered a labyrinth
 21562 | Lab      | Noticed a minotaur
 21575 | Lab      | Killed a minotaur
 21577 | Lab      | Got a pitted ivory ring
 21578 | Lab      | Got a jewelled quarterstaff {flame}
 21582 | Lab      | Identified the ring "Ofiatis" {*Slow rC++ MR+ Int+2 SInv} (You took it off a minotaur in a labyrinth)
 21593 | Lab      | Identified the +8 quarterstaff "Zaimor" {flame, rN++ Str-4 Int+2 SInv} (You took it off a minotaur in a labyrinth)
 21962 | Lair:5   | Reached skill level 10 in Fire Magic
 22188 | Lair:5   | Found a staircase to the Slime Pits.
 22208 | Lair:5   | Reached skill level 13 in Spellcasting
 22225 | Lair:5   | Reached XP level 14. HP: 73/135 MP: 11/31
 22989 | Lair:6   | Entered Level 6 of the Lair of Beasts
 23418 | Lair:6   | Reached skill level 10 in Conjurations
 24492 | Lair:6   | Identified a scroll of acquirement
 24496 | Lair:6   | Got a dazzling cloak
 24507 | Lair:6   | Identified the +0 cloak of Reason {MR+ Regen+ MP-9 Str+5} (You acquired it on level 6 of the Lair of Beasts)
 25114 | Lair:6   | Offered knowledge of Bolt of Magma by Vehumet.
 25121 | Lair:6   | Reached skill level 14 in Spellcasting
 25457 | Orc:1    | Entered Level 1 of the Orcish Mines
 26013 | Orc:2    | Entered Level 2 of the Orcish Mines
 26024 | Orc:2    | Reached skill level 1 in Translocations
 26595 | Orc:2    | Found Begiczer's Magic Scroll Shoppe.
 26686 | Orc:1    | Found Kiynweug's Gadget Shoppe.
 26894 | Orc:2    | Reached XP level 15. HP: 132/145 MP: 21/33
 27273 | Orc:2    | Found Hutiaf's Food Shoppe.
 27273 | Orc:2    | Found Satoegg's Weapon Shoppe.
 27273 | Orc:2    | Found Dufreuj's Food Emporium.
 27277 | Orc:2    | Found Zext's Antique Weapon Emporium.
 27399 | Orc:2    | Found a roughly hewn altar of Beogh.
 27588 | Orc:2    | Found a staircase to the Elven Halls.
 27693 | Orc:1    | Offered knowledge of Iskenderun's Battlesphere by Vehumet.
 27709 | Orc:1    | Learned a level 5 spell: Iskenderun's Battlesphere
 27777 | Orc:1    | Upgraded the game from 0.20-a0-924-gfa95efa to 0.20-a0-927-g1ae2c61
 29440 | D:13     | Found a gate to the Vaults.
 29688 | D:14     | Reached skill level 15 in Spellcasting
 30484 | D:14     | Reached skill level 5 in Air Magic
 30915 | D:15     | Entered Level 15 of the Dungeon
 30994 | D:15     | Reached skill level 5 in Stealth
 31024 | D:14     | Offered knowledge of Iron Shot by Vehumet.
 31342 | D:15     | Reached skill level 5 in Armour
 31539 | D:15     | Noticed Roxanne
 31678 | D:15     | Found a staircase to the Depths.
 31679 | D:15     | Noticed a fire giant
 31700 | D:15     | Killed Roxanne
 31701 | D:15     | Identified Roxanne's Almanac of Clay (You took it off Roxanne on level 15 of the Dungeon)
 31768 | D:15     | Learned a level 6 spell: Iron Shot
 31935 | D:15     | Found Gaott's Gadget Shop.
 32003 | D:15     | Learned a level 6 spell: Deflect Missiles
 32016 | D:15     | Found a glowing golden altar of the Shining One.
 32210 | D:15     | Killed a fire giant
 32210 | D:15     | Reached XP level 16. HP: 148/156 MP: 5/35
 32516 | D:15     | Found Pajaemp's Book Boutique.
 32822 | D:15     | Found a blossoming altar of Fedhas.
 33064 | Spider:1 | Entered Level 1 of the Spider Nest
 34281 | Lair:3   | Reached skill level 16 in Spellcasting
 34413 | Spider:1 | Offered knowledge of Conjure Ball Lightning by Vehumet.
 35085 | Spider:1 | Reached skill level 1 in Charms
 37240 | Spider:3 | Offered knowledge of Bolt of Cold by Vehumet.
 37325 | Spider:3 | Slain by a wolf spider

Vault maps used:
D:1:      lightli_arrival_lavapool
D:2:      zin_treasury, overflow_temple_1_default, uniq_sigmund
D:3:      overflow_temple_1_default
D:4:      dancing_weapons_uskayaw, kennysheep_mini, lemuel_doored_altar,
          overflow_temple_1_default, minmay_temple_entry_poolview, bloody_trog
D:5:      nicolae_overflow_crystal_walls, overflow_temple_1_default,
          grunt_temple_overflow_open, first_bread, cheibrodos_gnoll_hut,
          uniq_iyjb, uniq_pikel
D:6:      bloody_makhleb, uniq_edmund
D:7:      nicolae_dithmenos_through_a_glass_darkly, serial_shops,
          nicolae_shop_behind_doors
D:8:      lemuel_coloured_pillars_altar, uniq_psyche
D:9:      david_orc_2, serial_shops, shop_statue
D:10:     lair_entry_dummy
D:11:     basic_altar
D:12:     serial_shops, shop
D:13:     david_vaults_4
D:15:     grunt_enter_depths_giant_problem, fedhas_altar_4, serial_shops, shop,
          nicolae_shop_crystal, serial_glass, glass_columns_a, glass_columns_a,
          glass_columns_a, glass_columns_a, glass_columns_a, glass_columns_c,
          stair_cage_open, tso_altar, uniq_roxanne
Temple:   jpeg_temple_island
Lair:2:   gammafunk_lair_bear_cave, infiniplex_staircase_pool,
          grunt_megastairs_5, uniq_harold
Lair:3:   beast_lair_carwin_large_2, shoals_dummy_entry,
          nicolae_spider_entry_tight_spaces, nicolae_volcano_entry_batcave,
          serial_bayou_shore_b
Lair:4:   hibernation_bobbens, uniq_urug, uniq_sonja, uniq_nessos,
          uniq_josephine
Lair:5:   minmay_slime_entry_pillars, lab_entry_generic
Lair:6:   gammafunk_lair_ancient_temple, lemuel_fruit_fields
Orc:1:    serial_shops, shop
Orc:2:    st_orc_mages, serial_shops, shop_fountains, minmay_orc_temple_b
Lab:      labyrinth_mini_lab, labyrinth_skeletal_remains, nicolae_lab_garden
Volcano:  volcano_bunker

Skill      XL: |  1  2  3  4  5  6  7  8  9 10 11 12 13 14 15 16 |
---------------+-------------------------------------------------+-----
Conjurations   | 1 2 3 4 5 6 7 8 9 10 11 | 11.9
Fire Magic     | 3 4 5 6 7 8 9 10 11 | 11.6
Spellcasting   | 3 4 5 7 8 9 10 12 13 14 15 16 | 16.5
Dodging        | 2 3 4 5 6 7 |  7.7
Stealth        | 2 3 4 5 |  5.0
Fighting       | 1 2 3 4 5 6 7 8 9 |  9.4
Maces & Flails | 1 2 3 4 5 6 7 |  7.9
Armour         | 3 4 5 |  5.4
Air Magic      | 1 2 4 5 6 |  6.5
Translocations | 1 |  1.1
Charms         | 2 |  2.8
Throwing       | |  0.4
Earth Magic    | |  0.5
Evocations     | |  0.1

Action                   |  1- 3 |  4- 6 |  7- 9 | 10-12 | 13-15 | 16-18 || total
-------------------------+-------+-------+-------+-------+-------+-------++-------
Melee: Club              |    22 |       |       |       |       |       ||    22
       Unarmed           |    14 |       |       |       |       |       ||    14
       Mace              |    10 |    27 |       |       |       |       ||    37
       Whip              |       |    27 |    83 |   369 |   619 |   120 ||  1218
       Kick              |       |       |       |    64 |   146 |    27 ||   237
Throw: Javelin           |       |    11 |       |       |       |       ||    11
 Cast: Flame Tongue      |    53 |    57 |    99 |    83 |   174 |    38 ||   504
       Throw Flame       |    11 |    41 |    58 |   101 |   100 |    13 ||   324
       Conjure Flame     |       |     4 |     2 |     1 |       |       ||     7
       Sticky Flame      |       |       |     9 |    93 |   134 |    75 ||   311
       Fireball          |       |       |     2 |    60 |   147 |    46 ||   255
       Shock             |       |       |     1 |    37 |     8 |     5 ||    51
       Stone Arrow       |       |       |       |     6 |     2 |       ||     8
       Lightning Bolt    |       |       |       |     8 |    46 |    13 ||    67
       Force Lance       |       |       |       |     1 |    15 |    14 ||    30
       Airstrike         |       |       |       |       |    72 |    21 ||    93
       Iskenderun's Batt |       |       |       |       |    23 |    12 ||    35
       Iron Shot         |       |       |       |       |       |     3 ||     3
       Deflect Missiles  |       |       |       |       |       |     1 ||     1
Evoke: Wand              |       |       |       |     2 |     2 |     5 ||     9
  Use: Scroll            |     5 |     5 |     5 |     9 |    15 |     7 ||    46
       Potion            |       |       |       |    14 |     4 |    13 ||    31
 Stab: Sleeping          |       |     2 |     5 |     5 |     2 |       ||    14
       Invisible         |       |       |       |       |     1 |       ||     1
       Distracted        |       |       |       |       |     1 |       ||     1
  Eat: Chunk             |     3 |     9 |    13 |    41 |    52 |     8 ||   126
       Royal jelly       |       |       |     1 |     2 |     3 |     1 ||     7
       Fruit             |       |       |       |     2 |     1 |     1 ||     4
       Meat ration       |       |       |       |     1 |     2 |       ||     3
       Bread ration      |       |       |       |       |       |     2 ||     2
Armor: Robe              |    17 |    35 |    26 |    37 |       |       ||   115
       Troll leather arm |       |       |       |   158 |   371 |   207 ||   736
Dodge: Dodged            |    67 |    65 |    63 |   287 |   446 |   280 ||  1208
